 Dungeon Crawl Stone Soup version 0.32-a0-928-g1cae6b7ea0 (webtiles) character file.

Game seed: 6436844478675011448

81 Ofeo the Sneak (level 4, -1/33 HPs)
             Began as a Coglin Brigand on Apr 12, 2024.
             Slain by an orc wizard
             ... wielding a +3 dagger of flaming
              (2 damage)
             ... on level 3 of the Dungeon.
             The game lasted 00:01:41 (2053 turns).

Ofeo the Sneak (Coglin Brigand)                     Turns: 2053, Time: 00:01:41

Health: -1/33      AC:  3    Str: 11    XL:     4   Next: 40%
Magic:  4/4        EV: 11    Int: 10    God:
Gold:   88         SH:  0    Dex: 18    Spells: 3/3 levels left

rFire   . . .        a - +2 dagger {Diego}
rCold   . . .        l - +0 long sword {Oskar}
rNeg    . . .        b - +0 robe
rPois   .            (no helmet)
rElec   .            c - +0 cloak
rCorr   .            (no gloves)
SInv    .            (no boots)
Will    +....        (amulet unavailable)
Stlth   +++          (ring unavailable)
HPRegen 0.25/turn    (ring unavailable)
MPRegen 0.09/turn    (no gizmo)

%: no passive effects
@: attractive, enlightened, flying, revved
A: off-hand wielding, slow wielding, warmup strikes, no jewellery
a: Invent Gizmo


You were on level 3 of the Dungeon.
You visited 1 branch of the dungeon, and saw 3 of its levels.

You collected 88 gold pieces.

Inventory:

Hand Weapons
 a - a +2 dagger (weapon) {Diego}
 f - a +0 dagger {Chun}
 l - a +0 long sword (offhand) {Oskar}
Missiles
 d - 14 poisoned darts
 n - a curare-tipped dart (quivered)
 q - 6 atropa-tipped darts
Armour
 b - a +0 robe (worn)
 c - a +0 cloak (worn)
Wands
 e - a wand of warping (3)
Scrolls
 h - a scroll of immolation {unknown}
 j - 5 scrolls of identify {unknown}
 k - 4 scrolls of teleportation {unknown}
 m - 2 scrolls of noise {unknown}
 o - a scroll of revelation {unknown}
 r - a scroll of summoning {unknown}
Potions
 i - a potion of mutation {unknown}


   Skills:
 - Level 2.2 Fighting
 - Level 2.1(2.7) Short Blades
 + Level 2.7(3.2) Long Blades
 - Level 2.0 Throwing
 - Level 1.2 Dodging
 - Level 3.4 Stealth


You had 3 spell levels left.
You didn't know any spells.
Your spell library contained the following spells:

 Spells                   Type           Power      Damage    Failure   Level
 Freeze                   Ice            0%         1d3       36%         1
 Frozen Ramparts          Ice            0%         1d1       75%         3
 Hailstorm                Conj/Ice       0%         3d5       75%         3


Dungeon Overview and Level Annotations

Branches:
Dungeon (3/15)

Altars:
Trog

Shops:
D:3 (


Innate Abilities, Weirdness & Mutations

You can wield a second weapon in your off-hand.
It takes a long time for you to wield or remove held weapons.
Your first few attacks do less damage.
You cannot equip rings or amulets.


Message History

The orc is moderately wounded.
You hit the orc with your +2 dagger. The orc wizard casts a spell at you.
The puff of flame hits you! The orc hits you with a +0 club.
You take 12 damage, and have 12/33 hp.
MASSIVE DAMAGE!!
You are too injured to fight recklessly!
You are too injured to fight recklessly!
You closely miss the orc with your +2 dagger.
The orc is almost dead.
You hit the orc with your +0 long sword.
You kill the orc!
It was a potion of enlightenment.
You feel very buoyant.
You fly up into the air.
The orc wizard barely misses you.
It was a potion of magic.
Magic courses through your body.
The orc wizard hits you with a +3 dagger of flaming.
The orc wizard burns you.
You take 3 damage, and have 10/33 hp.
It was a potion of curing.
You feel better. The orc wizard completely misses you.
You regained 10 hp, and now have 20/33 hp.
You hit the orc wizard with your +0 long sword.
The orc wizard is moderately wounded.
You hit the orc wizard but do no damage.
The orc wizard casts a spell at you. The puff of flame hits you!
* * * LOW HITPOINT WARNING * * *
You take 11 damage, and have 9/33 hp.
MASSIVE DAMAGE!!
You closely miss the orc wizard with your +2 dagger.
The orc wizard is moderately wounded.
You barely miss the orc wizard with your +0 long sword.
The orc wizard hits you with a +3 dagger of flaming.
* * * LOW HITPOINT WARNING * * *
The orc wizard burns you.
* * * LOW HITPOINT WARNING * * *
You take 8 damage, and have 1/33 hp.
MASSIVE DAMAGE!!
It was a potion of attraction.
You feel attractive to monsters.
The orc wizard hits you with a +3 dagger of flaming.
You die...

..#.##.######### #....
#............... .....
#.#.##.#<#########....<
#.##................#
#..................#
#..##......†∩....#
...(. ###.......)..#
#... #.......)..# #.##
#.......@o.# ..
#........)......
#...........$...
#...............
#...............
#.#########...?. #.
..... .....


You could see an orc wizard.

Vanquished Creatures
  Terence (D:2)
  An adder (D:2)
  A ribbon worm (D:2)
  3 orcs (D:3)
  2 giant cockroaches (D:1)
  5 goblins
  4 hobgoblins
  2 jackals (D:2)
  A quokka (D:1)
  3 ball pythons (D:2)
  6 bats
  5 kobolds (D:1)
  6 rats (D:1)
40 creatures vanquished.

Notes
Turn   | Place    | Note
-------+----------+-------------------------------------------
     0 | D:1      | Ofeo the Coglin Brigand began the quest for the Orb.
     0 | D:1      | Reached XP level 1. HP: 16/16 MP: 1/1
    45 | D:1      | Reached skill level 1 in Dodging
   195 | D:1      | Reached XP level 2. HP: 19/22 MP: 2/2
  1214 | D:2      | Found a bloodstained altar of Trog.
  1228 | D:2      | Noticed Terence
  1232 | D:2      | Killed Terence
  1233 | D:2      | Reached skill level 1 in Long Blades
  1233 | D:2      | Reached XP level 3. HP: 22/27 MP: 3/3
  1342 | D:2      | Reached XP level 4. HP: 33/33 MP: 4/4
  2017 | D:3      | Found Yceanuxt's Antique Weapon Shop.
  2052 | D:3      | HP: 1/33 [orc wizard/+3 dagger of flaming (3)]
  2053 | D:3      | Slain by an orc wizard

Illustrated notes

Levels and vault maps discovered:
D:1:      lightli_arrival_farm, layout_basic, minmay_heptomino_l4
D:2:      layout_loops_cross, basic_altar, uniq_terence
D:3:      minmay_octagon_keep, layout_basic, serial_shops, shop,
          nicolae_shop_pleasant_corner_grove, nicolae_shop_industrial_runoff,
          roderic_serpentine_path, grunt_ministairs_13,
          hangedman_decor_slide_cut, patterned_corridor

Skill      XL: |  1  2  3 |
---------------+----------+-----
Dodging        | 1 |  1.2
Short Blades   | 2 |  2.1
Throwing       | 2 |  2.0
Long Blades    | 1 2 |  2.7
Fighting       | |  2.2
Stealth        | |  3.4

Action                     |  1- 3 |  4- 6 || total
---------------------------+-------+-------++-------
  Melee: Dagger            |    74 |    21 ||    95
         Long sword        |     8 |    20 ||    28
  Throw: Dart              |     3 |       ||     3
    Use: Potion            |       |     4 ||     4
   Stab: Sleeping          |     4 |     2 ||     6
 Armour: Robe              |    19 |    23 ||    42
  Dodge: Dodged            |    28 |    14 ||    42

Table legend: (Time is in decaauts)
 A = Elapsed time spent in this place.
 B = Non-inter-level travel time spent in this place.
 C = Inter-level travel time spent in this place.
 D = Time resting spent in this place.
 E = Time spent auto-exploring this place.
 F = Levels seen in this place.
 G = Mean time per level.
                   A        B        C        D        E       F      G
               +--------+--------+--------+--------+--------+-----+--------+
         Total |   2088 |   1980 |    108 |      0 |   1735 |   3 |  696.0 |
       Dungeon |   2088 |   1980 |    108 |      0 |   1735 |   3 |  696.0 |
               +--------+--------+--------+--------+--------+-----+--------+

Top non-repeatable levels by time:
     D:1: 1177 daAuts
     D:2: 875 daAuts
     D:3: 36 daAuts
